 Dungeon Crawl Stone Soup version 0.21-a0-41-g5e91fef (webtiles) character file.

12362 roguesci the Nimble (level 11, -6/92 HPs)
             Began as a Grey Draconian Ice Elementalist on June 3, 2017.
             Was an Initiate of Gozag.
             Mangled by an ogre
             ... wielding a +0 giant club
              (19 damage)
             ... on level 11 of the Dungeon.
             The game lasted 00:56:15 (17692 turns).

roguesci the Nimble (DrIE)                         Turns: 17692, Time: 00:56:16

Health: -6/92      AC: 18    Str:  9    XL:     11   Next: 61%
Magic:  15/21      EV: 16    Int: 24    God:    Gozag
Gold:   785        SH:  0    Dex: 12    Spells: 19/23 levels left

rFire    + . .     SeeInvis .   l - +3 mace of the Whelk {flame, Int+6}
rCold    + . .     Gourm    .   (no shield)
rNeg     . . .     Faith    .   (armour unavailable)
rPois    .         Spirit   .   Q - +2 hat
rElec    .         Reflect  .   T - scarf {rC+ rF+}
rCorr    +         Harm     .   N - +2 pair of gloves
MR       .....                  o - +0 pair of boots
Stlth    ++........             (no amulet)
Regen    0.3/turn               s - ring of resist corrosion
MPRegen  0.2/turn               P - ring of stealth

@: confused
A: walk through water, unfitting armour, stinger 1, screaming 1, weak 1,
unbreathing, cold-blooded, AC +12
a: Potion Petition, Call Merchant, Bribe Branch, Renounce Religion


You were on level 11 of the Dungeon.
You worshipped Gozag.
Gozag was pleased with you.
You were hungry.

You visited 2 branches of the dungeon, and saw 12 of its levels.

You collected 1713 gold pieces.
You spent 839 gold pieces at shops.
You paid 89 gold pieces to Gozag.

Inventory:

Hand Weapons
 l - the +3 mace of the Whelk (weapon) {flame, Int+6}
   (You found it on level 5 of the Dungeon)

   It has been specially enchanted to burn those struck by it, causing extra
   injury to most foes and up to half again as much damage against particularly
   susceptible opponents.
   It affects your intelligence (+6).
 y - the +4 dagger of Recklessness {venom, Str+3 Int+3}
   (You found it on level 6 of the Dungeon)

   It poisons the flesh of those it strikes.
   It affects your strength (+3).
   It affects your intelligence (+3).
 G - the cursed +0 falchion of the Madman {slice, rF++ rC+ Dex-3}
   (You found it on level 7 of the Dungeon)

   It inflicts extra damage upon your enemies.
   It affects your dexterity (-3).
   It greatly protects you from fire.
   It protects you from cold.
   It has a curse placed upon it.
Missiles
 e - 355 stones (quivered)
 m - 4 throwing nets
Armour
 n - a +0 cloak
 o - a +0 pair of boots (worn)
 N - a +2 pair of gloves (worn)
 Q - a +2 hat (worn)
 T - a scarf of resistance (worn)
Jewellery
 s - a ring of resist corrosion (left hand)
 D - an uncursed ring of magical power
 P - a ring of stealth (right hand)
Wands
 q - a wand of acid (0/15)
 t - a wand of flame (24/48)
 u - a wand of confusion (22/48)
 E - a wand of random effects (13/48)
 J - a wand of acid (6/15)
 M - a wand of flame (21/48)
 S - a wand of paralysis (15/24)
 U - a wand of polymorph (6/24)
Scrolls
 c - 5 scrolls of identify
 d - 4 scrolls of blinking {unknown}
 g - 4 scrolls of teleportation
 j - 11 scrolls of remove curse
 k - a scroll of immolation {unknown}
 v - a scroll of vulnerability {unknown}
 w - 3 scrolls of amnesia {unknown}
 C - a scroll of enchant weapon
 F - a scroll of enchant armour {unknown}
 H - a scroll of fog {unknown}
 I - 2 scrolls of fear {unknown}
 K - a scroll of recharging {unknown}
 V - 3 scrolls of magic mapping {unknown}
 X - a scroll of acquirement {unknown}
Potions
 i - 3 potions of ambrosia
 p - a potion of lignification {unknown}
 x - a potion of haste
 z - a potion of brilliance
 O - 2 potions of magic
 R - a potion of might {unknown}
 Y - 2 potions of cancellation
Books
 a - a book of Frost

   Spells                             Type                      Level
   a - Freeze                         Ice                          1
   b - Throw Frost                    Conjuration/Ice              2
   c - Ozocubu's Armour               Charms/Ice                   3
   d - Throw Icicle                   Conjuration/Ice              4
   e - Summon Ice Beast               Ice/Summoning                4
Comestibles
 b - 2 bread rations
 f - 3 meat rations
 L - 4 fruits


   Skills:
 + Level 7.3 Fighting
 * Level 7.4 Maces & Flails
 * Level 8.1 Dodging
 + Level 5.8 Stealth
 + Level 6.9 Spellcasting
   Level 1.0 Conjurations
 * Level 6.8 Charms
 + Level 6.7 Ice Magic


You had 19 spell levels left.
You knew the following spells:

 Your Spells              Type           Power        Failure   Level  Hunger
a - Freeze                Ice            ####         1%          1    None
b - Ozocubu's Armour      Chrm/Ice       #####...     1%          3    None


Dungeon Overview and Level Annotations

Branches:
Dungeon (11/15)            Temple (1/1) D:6            Lair (0/6) D:10
    Orc (0/2) D:10

Altars:
Ashenzari
Cheibriados
Dithmenos
Elyvilon
Fedhas
Gozag
Hepliaklqana
Kikubaaqudgha
Makhleb
Nemelex Xobeh
Okawaru
Qazlal
Ru
Sif Muna
Trog
Uskayaw
Vehumet
Wu Jian
Xom
Yredelemnul
Zin
The Shining One
Beogh

Shops:
D:9 [   D:10 *


Innate Abilities, Weirdness & Mutations

You can walk through water.
Your dull iron-grey scales are very hard. (AC +12)
You cannot fit into any form of body armour.
You can survive without breathing.
You are cold-blooded and may be slowed by cold attacks.
Your tail ends in a poisonous barb.
You occasionally shout uncontrollably at your foes.
You are weak. (Str -2)


Message History

You freeze the two-headed ogre.
The two-headed ogre is heavily wounded.
The ogre hits you with a giant club!
The two-headed ogre hits you but does no damage.
The two-headed ogre barely misses you.
Casting: Freeze
Confirm with . or Enter, or press ? or * to list all spells.
Aiming: Freeze
Press: ? - help, Shift-Dir - straight line, f/p - two-headed ogre
Aim: a two-headed ogre, wielding a giant spiked club and a giant club (heavily wounded)
You freeze the two-headed ogre.
The two-headed ogre is heavily wounded.
The ogre hits you with a giant club!
The two-headed ogre hits you with a giant spiked club!!
* * * LOW HITPOINT WARNING * * *
The two-headed ogre hits you but does no damage.
You are confused.
You feel invigorated. The ogre hits you with a giant club!!
You die...
Your body crumbles into a pile of gold.

. +(c#.....# #c##.....#
##########.#......#
...........#..c...+
...........#......###
(..........'........[
.......<(..#...####.. ######
##.........#...#..# .....#
.#####'#####...#@.#######.....#
...............OO.............#
.#######'#...(.#..............#
#.......+.....#..............#
#.......#.....####(..........#
#.......#........#...........#
#.....###........#......######
#..... ..........#+###'##.....
#..... .......................


You could see a two-headed ogre and an ogre.

Vanquished Creatures
  A two-headed ogre (D:9)
  A centaur warrior (D:11)
  The ghost of Kidiri the Thaumaturge, a journeyman DEFE of Vehumet (D:9)
  2 unseen horrors
  Pikel (D:7)
  Maurice (D:10)
  A centaur zombie (D:10)
  Psyche (D:10)
  A gargoyle (D:10)
  The ghost of roguesci the Chiller, an amateur DrIE (D:5)
  2 hippogriffs
  A hornet (D:10)
  A wraith (D:11)
  5 yaks
  A steam dragon (D:8)
  A yak (shapeshifter) (D:10)
  A hungry ghost (D:7)
  2 vampire mosquitoes
  Menkaure (D:5)
  The ghost of tilp the Chiller, an amateur MfIE (D:4)
  A water moccasin (D:7)
  7 orc warriors
  A slave (D:7)
  An ice beast (D:8)
  A sky beast (D:5)
  Purgy (D:3)
  3 ogres
  5 phantoms
  6 centaurs
  2 crocodiles
  2 big kobolds (D:8)
  9 bullfrogs
  4 scorpions
  4 killer bees (D:10)
  3 wights (D:7)
  6 howler monkeys
  4 crimson imps
  4 jellies
  4 hounds
  Crazy Yiuf (D:5)
  3 orc priests
  A centaur skeleton (D:7)
  A bullfrog skeleton (D:10)
  An iron imp (D:9)
  Ijyb (D:3)
  4 iguanas
  5 orc wizards
  4 worker ants
  A hound zombie (D:9)
  A hound skeleton (D:4)
  9 gnolls
  2 howler monkey skeletons
  13 adders
  2 shadow imps
  2 oozes
  2 adder zombies
  2 adder skeletons
  2 worms
  7 leopard geckos
  54 orcs
  A ball python (D:3)
  5 giant cockroaches
  6 hobgoblins
  5 jackals
  14 kobolds
  5 quokkas
  8 bats
  7 frilled lizards
  8 goblins
  A quokka skeleton (D:6)
  5 rats
278 creatures vanquished.

Vanquished Creatures (others)
  3 slaves (D:8)
  An ogre (D:8)
  A kobold (D:8)
  A plant (D:10)
6 creatures vanquished.

Grand Total: 284 creatures vanquished

Notes
Turn   | Place    | Note
-------+----------+-------------------------------------------
     0 | D:1      | roguesci the Draconian Ice Elementalist began the quest for the Orb.
     0 | D:1      | Reached XP level 1. HP: 14/14 MP: 3/3
   387 | D:1      | Reached skill level 2 in Dodging
   437 | D:1      | Reached XP level 2. HP: 20/20 MP: 3/5
  1193 | D:1      | Reached XP level 3. HP: 11/27 MP: 1/6
  1381 | D:1      | Learned a level 3 spell: Ozocubu's Armour
  1472 | D:1      | Reached skill level 1 in Fighting
  1817 | D:2      | Reached XP level 4. HP: 35/35 MP: 8/8
  2392 | D:2      | Found a burning altar of Makhleb.
  2392 | D:2      | Noticed a blizzard demon
  3200 | D:3      | Noticed Ijyb
  3241 | D:3      | Killed Ijyb
  3334 | D:3      | Found an iron altar of Okawaru.
  3373 | D:3      | Reached XP level 5. HP: 30/41 MP: 0/9
  3831 | D:3      | Reached skill level 3 in Dodging
  4094 | D:3      | Noticed Purgy
  4125 | D:3      | Killed Purgy
  4125 | D:3      | Reached XP level 6. HP: 32/50 MP: 1/11
  4783 | D:2      | Found a sparkling altar of Nemelex Xobeh.
  4821 | D:4      | Noticed tilp's ghost (amateur MfIE)
  6332 | D:4      | Found an iron altar of Okawaru.
  6555 | D:4      | Found a deep blue altar of Sif Muna.
  6610 | D:4      | Killed tilp's ghost
  6610 | D:4      | Your scales start taking on a dull iron-grey colour.
  6610 | D:4      | Reached XP level 7. HP: 35/58 MP: 0/13
  6610 | D:4      | Gained mutation: You can survive without breathing. [Grey Draconian growth]
  6788 | D:4      | Found a white marble altar of Elyvilon.
  6985 | D:4      | Reached skill level 4 in Dodging
  7074 | D:4      | Found a shadowy altar of Dithmenos.
  7187 | D:5      | Entered Level 5 of the Dungeon
  7205 | D:5      | Found a stormy altar of Qazlal.
  7207 | D:5      | Found a basalt altar of Yredelemnul.
  7207 | D:5      | Found a radiant altar of Vehumet.
  7554 | D:5      | Noticed Menkaure
  7581 | D:5      | Killed Menkaure
  7732 | D:5      | Got a scorched mace
  7758 | D:5      | Identified the +3 mace of the Whelk {flame, Int+6} (You found it on level 5 of the Dungeon)
  7878 | D:5      | Found a hide-covered altar of Uskayaw.
  8006 | D:5      | Found a runed door.
  8338 | D:5      | Noticed Crazy Yiuf
  8338 | D:5      | Noticed roguesci's ghost (amateur DrIE)
  8352 | D:5      | Killed roguesci's ghost
  8352 | D:5      | Reached skill level 1 in Maces & Flails
  8352 | D:5      | Reached skill level 1 in Charms
  8352 | D:5      | Reached XP level 8. HP: 41/67 MP: 9/15
  8354 | D:5      | Killed Crazy Yiuf
  8905 | D:6      | Reached skill level 5 in Dodging
  8933 | D:6      | Reached skill level 5 in Spellcasting
  9038 | D:6      | Found a staircase to the Ecumenical Temple.
  9056 | Temple   | Entered the Ecumenical Temple
  9257 | Temple   | Became a worshipper of Gozag Ym Sagoz the Greedy
  9355 | D:6      | Reached skill level 5 in Fighting
  9514 | D:6      | Got a translucent dagger
  9515 | D:6      | Identified the +4 dagger of Recklessness {venom, Str+3 Int+3} (You found it on level 6 of the Dungeon)
 10134 | D:7      | Noticed a hippogriff
 10154 | D:7      | Killed a hippogriff
 10154 | D:7      | Reached skill level 5 in Ice Magic
 10154 | D:7      | Reached XP level 9. HP: 25/74 MP: 4/16
 10608 | D:7      | Identified the cursed +0 falchion of the Madman {slice, rF++ rC+ Dex-3} (You found it on level 7 of the Dungeon)
 11006 | D:7      | Reached skill level 6 in Dodging
 12032 | D:8      | Killed an unseen horror
 12032 | D:8      | Reached skill level 5 in Maces & Flails
 12032 | D:8      | Reached XP level 10. HP: 27/83 MP: 14/18
 12315 | D:8      | Noticed Pikel
 12341 | D:7      | Killed Pikel
 12827 | D:8      | Found a blossoming altar of Fedhas.
 13189 | D:8      | Reached skill level 7 in Dodging
 13189 | D:8      | Reached skill level 5 in Charms
 13621 | D:9      | Found Oggoudif's Armour Shop.
 13654 | D:9      | Reached skill level 5 in Stealth
 13661 | D:9      | Bought a +2 hat for 256 gold pieces
 14010 | D:9      | Found a snail-covered altar of Cheibriados.
 14193 | D:9      | Noticed a two-headed ogre
 14225 | D:9      | Killed a two-headed ogre
 14493 | D:9      | Noticed Kidiri's ghost (journeyman DEFE)
 14513 | D:9      | Killed Kidiri's ghost
 14897 | D:10     | Entered Level 10 of the Dungeon
 14964 | D:10     | Found a staircase to the Orcish Mines.
 15083 | D:10     | Reached XP level 11. HP: 91/91 MP: 20/20
 15106 | D:10     | Noticed Maurice
 15129 | D:10     | Killed Maurice
 15268 | D:10     | Found a staircase to the Lair.
 15279 | D:10     | Found Oru Umocw's Assorted Antiques.
 15286 | D:10     | Bought a scroll labeled EZOBBULIDD for 21 gold pieces
 15286 | D:10     | Bought a scroll of remove curse for 63 gold pieces
 15286 | D:10     | Bought a potion of berserk rage for 105 gold pieces
 15286 | D:10     | Bought a scroll labeled ACZIKI ZEDUVI for 21 gold pieces
 15286 | D:10     | Bought a potion of curing for 63 gold pieces
 15286 | D:10     | Bought a scroll of remove curse for 63 gold pieces
 15286 | D:10     | Bought 2 white potions for 37 gold pieces
 15286 | D:10     | Bought a potion of haste for 210 gold pieces
 15297 | D:10     | Gained mutation: You are weak. (Str -2) [potion of mutation]
 15297 | D:10     | Gained mutation: You occasionally shout uncontrollably at your foes. [potion of mutation]
 15297 | D:10     | Gained mutation: Your tail ends in a poisonous barb. [potion of mutation]
 15389 | D:10     | Noticed Psyche
 15397 | D:10     | Killed Psyche
 15475 | D:10     | Found a roughly hewn altar of Beogh.
 15777 | D:10     | Killed an unseen horror
 16109 | D:10     | Noticed an anaconda
 16109 | D:10     | a water nymph changed into an anaconda
 16110 | D:10     | an anaconda changed into a snapping turtle
 16111 | D:10     | Noticed a deep troll
 16111 | D:10     | a snapping turtle changed into a deep troll
 16118 | D:10     | a deep troll changed into a moth of wrath
 16676 | D:10     | Reached skill level 8 in Dodging
 17140 | D:11     | Noticed a centaur warrior
 17163 | D:11     | Noticed a two-headed ogre
 17179 | D:11     | Killed a centaur warrior
 17692 | D:11     | Mangled by an ogre

Vault maps used:
D:1:      onia_arrival_mini_maze_b
D:2:      makhleb_altar_promises_db, nicolae_overflow_hidden_temple
D:3:      lemuel_doored_altar, first_bread, uniq_purgy, uniq_ijyb
D:4:      grunt_temple_overflow_open, grunt_dithmenos_shadows, fountainhead,
          okawaru_altar_gauntlet_db
D:5:      eat_drink_and_be_merry_uskayaw, gammafunk_temple_overflow_forgotten,
          fountainhead, uniq_crazy_yiuf_cottage, uniq_menkaure
D:6:      minmay_temple_entry_large_hall
D:7:      serial_aquarium, aquarium_bridge_island_small, aquarium_window_fake,
          aquarium_window_2, aquarium_view_2e, aquarium_pool_2
D:8:      minmay_bloctagon_deflated, lemuel_round_altar, blue_anna_alchemist,
          uniq_pikel
D:9:      slow_altar_1, serial_shops, shop
D:10:     minmay_shrinking_squares, dpeg_oklobed_lair, orc_0_dummy,
          special_room, serial_shops, shop, uniq_maurice, uniq_psyche
D:11:     grunt_qazlal_sundering
Temple:   jpeg_temple_alley_garden

Skill      XL: |  1  2  3  4  5  6  7  8  9 10 11 |
---------------+----------------------------------+-----
Dodging        | 2 3 4 5 6 7 8 |  8.1
Stealth        | 2 3 4 5 |  5.8
Fighting       | 1 2 3 4 5 6 7 |  7.3
Spellcasting   | 3 4 5 6 |  6.9
Ice Magic      | 4 5 6 |  6.7
Maces & Flails | 1 3 5 6 7 |  7.4
Charms         | 1 2 4 5 6 |  6.8
Conjurations   | |  1.0

Action                   |  1- 3 |  4- 6 |  7- 9 | 10-12 || total
-------------------------+-------+-------+-------+-------++-------
Melee: Unarmed           |    36 |       |       |       ||    36
       Tailslap          |     3 |    31 |    38 |    63 ||   135
       Whip              |     7 |   361 |   116 |       ||   484
       Mace              |       |       |   324 |   595 ||   919
Throw: Stone             |       |    14 |     7 |     5 ||    26
 Cast: Freeze            |    45 |    68 |    65 |    79 ||   257
       Ozocubu's Armour  |     2 |    17 |    17 |    20 ||    56
  Use: Scroll            |     3 |       |     5 |     6 ||    14
       Potion            |     1 |     4 |    11 |     8 ||    24
 Stab: Sleeping          |     3 |     4 |     3 |    12 ||    22
       Distracted        |       |       |       |     4 ||     4
  Eat: Chunk             |     4 |    11 |     8 |       ||    23
       Fruit             |       |     1 |     3 |    20 ||    24
       Meat ration       |       |     1 |       |       ||     1
       Bread ration      |       |       |     2 |       ||     2
       Royal jelly       |       |       |     1 |       ||     1
Armor: Skin              |    20 |   171 |   306 |   302 ||   799
Dodge: Dodged            |    67 |   274 |   394 |   556 ||  1291
